 Dungeon Crawl Stone Soup version 0.23.2-1-ga50397a6bc (webtiles) character file.

Game seed: 7287722626078573630

79 Revguard the Shield-Bearer (level 4, -1/36 HPs)
             Began as a Formicid Fighter on Apr 29, 2019.
             Slain by a rat (2 damage)
             ... on level 2 of the Dungeon.
             The game lasted 00:03:17 (1038 turns).

Revguard the Shield-Bearer (Formicid Fighter)       Turns: 1038, Time: 00:03:17

Health: -1/36      AC:  8    Str: 21    XL:     4   Next: 64%
Magic:  4/4        EV:  8    Int:  7    God:
Gold:   64         SH:  9    Dex: 11    Spells: 3/3 levels left

rFire    . . .     SeeInvis +   a - +0 war axe
rCold    . . .     Gourm    .   c - +0 shield
rNeg     . . .     Faith    .   b - +0 scale mail
rPois    .         Spirit   .   (helmet unavailable)
rElec    .         Reflect  .   (no cloak)
rCorr    .         Harm     .   (no gloves)
MR       .....                  g - +0 pair of boots
Stlth    ..........             (no amulet)
HPRegen  0.12/turn              (no ring)
MPRegen  0.09/turn              (no ring)

@: no status effects
A: permanent stasis, dig shafts and tunnels, four strong arms, antennae 3
a: Dig, Shaft Self


You were on level 2 of the Dungeon.
You were hungry.

You visited 1 branch of the dungeon, and saw 2 of its levels.

You collected 64 gold pieces.

Inventory:

Hand Weapons
 a - a +0 war axe (weapon)
Armour
 b - a +0 scale mail (worn)
 c - a +0 shield (worn)
 g - a +0 pair of boots (worn)
Scrolls
 h - a scroll of amnesia {unknown}
 i - a scroll of remove curse {unknown}
Potions
 d - a potion of might
 e - a potion of flight {unknown}
 k - a potion of agility {unknown}
Comestibles
 f - 2 rations


   Skills:
 + Level 3.6 Fighting
 + Level 3.1 Axes
 + Level 3.9 Armour
 + Level 0.1 Dodging
 + Level 4.4 Shields


You had 3 spell levels left.
You didn't know any spells.
Your spell library was empty.

Dungeon Overview and Level Annotations

Branches:
Dungeon (2/15)

Altars:


Innate Abilities, Weirdness & Mutations

You cannot be hasted, slowed, berserked, paralysed or teleported.
You can dig through walls and to a lower floor.
Your four strong arms can wield two-handed weapons with a shield.
You have a pair of large antennae on your head. (SInv)


Message History

The goblin hits you but does no damage. The rat bites you but does no damage.
The goblin hits you with a cursed +0 dagger.
* * * LOW HITPOINT WARNING * * *
You block the rat's attack. The goblin hits you but does no damage.
The rat bites you but does no damage. The goblin hits you but does no damage.
You block the rat's attack. You block the goblin's attack.
You block the rat's attack. The goblin barely misses you.
The rat bites you but does no damage. You block the goblin's attack.
You block the rat's attack. The goblin barely misses you.
You block the rat's attack. The goblin hits you but does no damage.
You block the rat's attack.
The goblin hits you with a cursed +0 dagger.
* * * LOW HITPOINT WARNING * * *
You block the rat's attack.
The goblin hits you with a cursed +0 dagger.
* * * LOW HITPOINT WARNING * * *
The rat closely misses you. The goblin hits you but does no damage.
The rat bites you but does no damage. The goblin hits you but does no damage.
The rat bites you.
You die...

.......# .#.####
#..######+#
.......#
.#....####.##
######## .#
#....##..#
########## .#
#..^.###.##
.........#
#....# #..#
.........#
#....####.####.#
.........#
#..†...........#
#....#####
#.....####.###.#
#....# #.@g..#
.# .....#
#..r........
....##
#.....(.....#
....#
##+##........ {
†...# {
#......#.# ....#
#'######.. ....#
{ ....# .####


You could see a goblin and a rat.

Vanquished Creatures
  2 adders (D:2)
  2 oozes (D:1)
  2 worms (D:2)
  A leopard gecko (D:2)
  4 bats (D:1)
  A giant cockroach (D:1)
  2 goblins
  5 hobgoblins
  10 jackals
  A quokka (D:2)
  A ball python (D:2)
  6 frilled lizards
  6 kobolds
  4 rats
47 creatures vanquished.

Vanquished Creatures (others)
  4 toadstools (D:1)
4 creatures vanquished.

Grand Total: 51 creatures vanquished

Notes
Turn   | Place    | Note
-------+----------+-------------------------------------------
     0 | D:1      | Revguard the Formicid Fighter began the quest for the Orb.
     0 | D:1      | Reached XP level 1. HP: 18/18 MP: 1/1
    44 | D:1      | Reached XP level 2. HP: 17/24 MP: 2/2
    64 | D:1      | Reached skill level 4 in Shields
   300 | D:1      | Reached XP level 3. HP: 26/29 MP: 3/3
   697 | D:2      | Reached XP level 4. HP: 35/35 MP: 4/4
  1036 | D:2      | HP: 1/36 [goblin/cursed +0 dagger (1)]
  1038 | D:2      | Slain by a rat

Skill      XL: |  1  2  3  4 |
---------------+-------------+-----
Shields        | 4 |  4.4
Axes           | 3 |  3.1
Fighting       | |  3.6
Armour         | |  3.9
Dodging        | |  0.1

Action                   |  1- 3 |  4- 6 || total
-------------------------+-------+-------++-------
Melee: War axe           |    74 |    24 ||    98
Armor: Scale mail        |    39 |    89 ||   128
Dodge: Dodged            |    41 |    77 ||   118
Block: Shield            |    64 |   117 ||   181
